 Dungeon Crawl Stone Soup version 0.22-a0-422-g9628fc87f1 (webtiles) character file.

2884 Kriby the Cleaver (level 9, -2/81 HPs)
             Began as a Hill Orc Monk on May 17, 2018.
             Was a Believer of Beogh.
             Killed by the air
             ... invoked by Gastronok
              (18 damage)
             ... on level 8 of the Dungeon.
             The game lasted 00:10:31 (7238 turns).

Kriby the Cleaver (Hill Orc Monk)                   Turns: 7238, Time: 00:10:32

Health: -2/81      AC: 14    Str: 24    XL:     9   Next: 77%
Magic:  18/21      EV:  7    Int: 10    God:    Beogh [**....]
Gold:   120        SH: 15    Dex: 13    Spells: 8/8 levels left

rFire    . . .     SeeInvis .   a - +0 war axe
rCold    . . .     Gourm    .   H - +0 large shield
rNeg     . . .     Faith    .   p - +0 chain mail {rPois}
rPois    +         Spirit   .   (no helmet)
rElec    .         Reflect  .   (no cloak)
rCorr    +         Harm     .   C - +1 pair of gloves {archery}
MR       .....                  (no boots)
Stlth    ..........             y - amulet of regeneration
HPRegen  0.63/turn              A - ring of magical power
MPRegen  0.17/turn              B - ring of resist corrosion

@: mighty
A: molten scales 1, strong 1, evolution 1
a: Smiting, Renounce Religion


You were on level 8 of the Dungeon.
You worshipped Beogh.
Beogh was pleased with you.
You were not hungry.

You visited 1 branch of the dungeon, and saw 8 of its levels.
You also visited: Sewer.

You collected 322 gold pieces.
You spent 202 gold pieces at shops.

Inventory:

Hand Weapons
 a - a +0 war axe (weapon)
 b - a +0 hand crossbow
 u - a +1 dire flail of holy wrath
Missiles
 t - 22 bolts
 z - 5 tomahawks (quivered)
Armour
 m - a +0 buckler
 p - a +0 chain mail of poison resistance (worn)
 w - a +1 leather armour of fire resistance
 C - a +1 pair of gloves of archery (worn)
 H - a +0 large shield (worn)
Jewellery
 d - a +3 ring of intelligence
 f - an uncursed ring of wizardry
 y - an amulet of regeneration (around neck)
 A - a ring of magical power (left hand)
 B - a ring of resist corrosion (right hand)
Wands
 s - a wand of flame (61)
 v - a wand of enslavement (4)
Scrolls
 h - a scroll of random uselessness {unknown}
 i - 4 scrolls of teleportation {unknown}
 j - 3 scrolls of enchant armour {unknown}
 k - 5 scrolls of identify
 o - 3 scrolls of remove curse {unknown}
 q - a scroll of magic mapping {unknown}
 x - a scroll of amnesia {unknown}
 F - a scroll of fear {unknown}
Potions
 e - 2 potions of invisibility {unknown}
 g - 2 potions of heal wounds {unknown}
 l - 3 potions of flight
 r - a potion of curing
 D - a potion of degeneration {unknown}
 E - a potion of ambrosia {unknown}
Comestibles
 c - 12 rations
 G - 4 chunks of flesh


   Skills:
 * Level 8.1 Fighting
 * Level 8.9 Axes
 * Level 6.3 Armour
 * Level 5.5 Dodging
 - Level 1.5 Stealth
 * Level 4.0 Shields
 + Level 4.6 Invocations


You had 8 spell levels left.
You didn't know any spells.
Your spell library was empty.

Dungeon Overview and Level Annotations

Branches:
Dungeon (8/15)             Temple (0/1) D:5
   Lair: D:8-11

Altars:
Ashenzari
Dithmenos
Makhleb
Nemelex Xobeh
Okawaru
Uskayaw
Wu Jian

Shops:
D:5 *   D:7 }:!   D:8 *

Annotations:
D:8 Gastronok


Innate Abilities, Weirdness & Mutations

You are partially covered in molten scales. (AC +2)
Your muscles are strong. (Str +2)
You evolve.


Message History

You block the rat's attack.
You hit Gastronok.
Gastronok is heavily wounded.
You hit the rat. The rat bites you but does no damage.
You hit Gastronok.
Gastronok is heavily wounded.
You hit the rat.
You kill the rat!
The rat's corpse disappears in a puff of smoke!
Gastronok waves his eye-stalks in wide circles.
The air twists around and strikes you!
* * * LOW HITPOINT WARNING * * *
Aiming: Smiting
Press: ? - help, Dir - move target cursor, f - Gastronok Smite: Gastronok, wearing an embroidered hat (heavily wounded)
You smite Gastronok!
Gastronok is severely wounded.
Gastronok waves his eye-stalks in wide circles.
The air twists around and strikes you!
You die...

##.###.#
#.....#
######.## #.
#.# #.....#
#...# # #.#
#.....#
#...# #.
#.....#
####...#
#####..
..#.### #.#
#.#.#
#r#####.#.#
#w##......#
#@##.##.###
#ยง##.##.#
#.##.!.....#
#.......####
#########


You could see Gastronok and a river rat.

Vanquished Creatures
  The ghost of Asanbosam the Fighter, a novice GnWn of Cheibriados (D:7)
  Grinder (D:5)
  A hippogriff (D:7)
  Eustachio (D:5)
  Edmund (D:5)
  A water moccasin (D:6)
  A sky beast (D:7)
  3 ogres
  2 centaurs (D:7)
  A big kobold (Sewer)
  2 bullfrogs (D:6)
  A wyvern zombie (D:8)
  3 scorpions
  A water moccasin skeleton (D:5)
  2 howler monkeys
  A jelly (D:5)
  2 crimson imps
  A quasit (D:6)
  An orc wizard (D:4)
  A bullfrog skeleton (D:4)
  A centaur skeleton (D:6)
  Ijyb (D:4)
  6 worker ants
  A worker ant zombie (D:7)
  3 gnolls (D:4)
  8 adders
  An adder zombie (D:8)
  2 worms (D:3)
  A dart slug (D:2)
  3 leopard geckos
  7 orcs
  5 bats (D:1)
  4 giant cockroaches
  5 goblins (D:1)
  3 hobgoblins (D:2)
  4 jackals (D:5)
  A quokka (D:5)
  4 frilled lizards (D:1)
  7 kobolds
  A quokka zombie (D:6)
  9 rats
105 creatures vanquished.

Vanquished Creatures (others)
  A worker ant (D:7)
1 creature vanquished.

Grand Total: 106 creatures vanquished

Notes
Turn   | Place    | Note
-------+----------+-------------------------------------------
     0 | D:1      | Kriby the Hill Orc Monk began the quest for the Orb.
     0 | D:1      | Reached XP level 1. HP: 19/19 MP: 1/1
   258 | D:1      | Reached XP level 2. HP: 22/27 MP: 2/2
  1011 | D:2      | Reached skill level 1 in Armour
  1347 | D:2      | Reached XP level 3. HP: 26/33 MP: 3/3
  1967 | D:3      | Found an iron altar of Okawaru.
  1971 | D:3      | Found a burning altar of Makhleb.
  1978 | D:3      | Reached skill level 1 in Shields
  2039 | D:3      | Became a worshipper of Beogh the Brigand
  2039 | D:3      | Reached * piety under Beogh
  2039 | D:3      | Reached ** piety under Beogh
  2296 | D:3      | Found a glowing drain.
  2338 | Sewer    | Entered a sewer
  2418 | Sewer    | Noticed a big kobold
  2473 | Sewer    | Gained mutation: You evolve. [potion of mutation]
  2473 | Sewer    | Gained mutation: You are partially covered in molten scales. (AC +2) [potion of mutation]
  2488 | Sewer    | Killed a big kobold
  2488 | Sewer    | Reached XP level 4. HP: 20/41 MP: 4/4
  2488 | Sewer    | Reached XP level 5. HP: 23/47 MP: 5/5
  2692 | Sewer    | Found a white marble altar of Elyvilon.
  2980 | D:4      | Noticed a dagger
  3033 | D:4      | Gained mutation: Your muscles are strong. (Str +2) [evolution]
  3065 | D:4      | Noticed a dagger
  3068 | D:4      | Found a shattered altar of Ashenzari.
  3079 | D:4      | Found a hide-covered altar of Uskayaw.
  3108 | D:4      | Reached skill level 5 in Axes
  3443 | D:4      | Noticed Ijyb
  3483 | D:4      | Killed Ijyb
  3483 | D:4      | Reached XP level 6. HP: 53/53 MP: 6/6
  4352 | D:5      | Entered Level 5 of the Dungeon
  4368 | D:5      | Found a staircase to the Ecumenical Temple.
  4375 | D:5      | Reached skill level 5 in Fighting
  4468 | D:5      | Found a shadowy altar of Dithmenos.
  4479 | D:5      | Reached XP level 7. HP: 45/61 MP: 7/7
  4817 | D:5      | Noticed Edmund
  4844 | D:5      | Killed Edmund
  5057 | D:5      | Reached skill level 1 in Invocations
  5234 | D:5      | Noticed Grinder
  5251 | D:5      | Killed Grinder
  5251 | D:5      | Reached XP level 8. HP: 54/70 MP: 2/9
  5319 | D:5      | Noticed Eustachio
  5427 | D:5      | Killed Eustachio
  5498 | D:5      | Found Wulyibit's Assorted Antiques.
  5536 | D:5      | Bought a pair of embroidered gloves for 202 gold pieces
  5797 | D:6      | Reached skill level 5 in Armour
  5817 | D:6      | Found an ornate altar of the Wu Jian Council.
  5880 | D:6      | Found a sparkling altar of Nemelex Xobeh.
  6290 | D:7      | Reached XP level 9. HP: 73/79 MP: 11/11
  6412 | D:7      | Reached skill level 5 in Dodging
  6474 | D:7      | Found Joqok's Gadget Shop.
  6501 | D:7      | Found Tylew's Book Shop.
  6505 | D:7      | Found Vehuipn's Distillery.
  6766 | D:7      | Noticed Asanbosam's ghost (novice GnWn)
  6790 | D:7      | Killed Asanbosam's ghost
  7173 | D:8      | Found Lopookk's General Store.
  7225 | D:8      | Noticed Gastronok
  7238 | D:8      | Killed from afar by Gastronok

Vault maps used:
D:1:      mrwooster_arrival_statue_3, st_stairs_7, minmay_misc_feat_ornament
D:3:      grunt_temple_overflow_open, cheibrodos_sewer_entry_bend,
          minmay_liquid_box
D:4:      nicolae_ashenzari_panopticon, dancing_weapons_uskayaw,
          roderic_serpentine_path, uniq_ijyb
D:5:      grunt_dithmenos_smoke, minmay_temple_entry_hall, first_ration,
          kennysheep_windowed_goal, uniq_edmund, uniq_eustachio, uniq_grinder
D:6:      overflow_temple_1_default, basic_altar
D:7:      serial_shops, nicolae_shop_statue_plus, nicolae_shop_behind_doors,
          shop
D:8:      nicolae_overflow_crystal_walls, nicolae_overflow_hidden_temple,
          lemuel_crystal_altar, serial_shops, shop, uniq_gastronok
Sewer:    sewer_kobolds

Skill      XL: |  1  2  3  4  5  6  7  8  9 |
---------------+----------------------------+-----
Armour         | 1 2 3 5 6 |  6.3
Fighting       | 4 5 7 8 |  8.1
Shields        | 2 3 4 |  4.0
Axes           | 5 6 7 8 |  8.9
Dodging        | 3 4 5 |  5.5
Invocations    | 1 3 4 |  4.6
Stealth        | |  1.5

Action                   |  1- 3 |  4- 6 |  7- 9 || total
-------------------------+-------+-------+-------++-------
Melee: Hand axe          |   168 |   171 |    60 ||   399
       War axe           |       |       |   342 ||   342
 Fire: Hand crossbow     |       |     5 |       ||     5
Throw: Tomahawk          |       |       |     1 ||     1
Invok: Convert to Beogh  |     1 |       |       ||     1
       Smiting           |       |       |     9 ||     9
Evoke: Wand              |       |     1 |     5 ||     6
  Use: Potion            |     1 |     2 |     2 ||     5
       Scroll            |       |       |     1 ||     1
 Stab: Sleeping          |     2 |       |       ||     2
  Eat: Chunk             |     1 |     3 |     7 ||    11
       Ration            |     1 |     1 |     1 ||     3
Armor: Robe              |    10 |       |       ||    10
       Ring mail         |     8 |       |       ||     8
       Chain mail        |    28 |    77 |   265 ||   370
Dodge: Dodged            |    74 |    58 |   204 ||   336
Block: Buckler           |    13 |    28 |   105 ||   146
       Large shield      |       |       |     3 ||     3

Table legend:
 A = Spawn XP
 B = Non-spawn XP
 C = Spawn XP percentage of total XP
 D = Spawn monster count
 E = Non-spawn monster count
 F = Spawn count percentage of total count
 G = Total turns spent on level
                    A         B        C        D         E        F      G
               +---------+---------+-------+---------+---------+-------+---------
         Total |       0 |    4121 |   0.0 |       0 |     105 |   0.0 |  7238
               +---------+---------+-------+---------+---------+-------+---------
           D:1 |       0 |      26 |   0.0 |       0 |      19 |   0.0 |   965
           D:2 |       0 |      15 |   0.0 |       0 |       8 |   0.0 |   790
           D:3 |       0 |      26 |   0.0 |       0 |       5 |   0.0 |   700
           D:4 |       0 |     341 |   0.0 |       0 |      18 |   0.0 |  1496
           D:5 |       0 |    1165 |   0.0 |       0 |      19 |   0.0 |  1307
           D:6 |       0 |     657 |   0.0 |       0 |      13 |   0.0 |   570
           D:7 |       0 |    1580 |   0.0 |       0 |      12 |   0.0 |   798
           D:8 |       0 |     207 |   0.0 |       0 |       3 |   0.0 |   211
         Sewer |       0 |     104 |   0.0 |       0 |       8 |   0.0 |   401
               +---------+---------+-------+---------+---------+-------+---------
